[Event "Late-Titled-Tuesday-Blitz-February-27-2024"]
[Site "Chess.com"]
[Date "2024.02.27"]
[Round "2"]
[White "MFatigue"]
[Black "jaramsdal"]
[Result "1-0"]
[WhiteElo "2517"]
[BlackElo "2289"]
[TimeControl "180+1"]
[EndTime "14:15:01 PST"]
[Termination "MFatigue won by resignation"]

1. e4 e5 2. Nf3 Nc6 3. d4 exd4 4. Bc4 Nf6 5. O-O Nxe4 6. Re1 d5 7. Bxd5 Qxd5 8.
Nc3 Qa5 9. Nxe4 Be6 10. Neg5 O-O-O 11. Nxe6 fxe6 12. Rxe6 Be7 13. Ne5 Nxe5 14. Rxe7 Rhe8 15. Rxe8 Rxe8 16. Bd2 Qd5 17. Qh5 Re6 18. Qxh7 Rg6 19. Qh3+ Kb8 20. Qh8+ 1-0

[Event "Late-Titled-Tuesday-Blitz-February-27-2024"]
[Site "Chess.com"]
[Date "2024.02.27"]
[Round "2"]
[White "Rud_Makarian"]
[Black "BabageldiAnnaberdiyev"]
[Result "1-0"]
[WhiteElo "3090"]
[BlackElo "2644"]
[TimeControl "180+1"]
[EndTime "14:15:04 PST"]
[Termination "Rud_Makarian won by resignation"]

1. d4 e6 2. c4 f5 3. Nf3 Nf6 4. g3 d5 5. Bg2 c6 6. O-O Bd6 7. b3 Qe7 8. a4 a5 9. Ba3 Nbd7 10. Qc1 O-O 11. Nc3 Ne4 12. Bxd6 Qxd6 13. Qb2 b6 14. Rfc1 Bb7 15. cxd5 exd5 16. e3 Rac8 17.
Ne2 g6 18. Nf4 Rfe8 19. Nd3 c5 20. dxc5 Ndxc5 21. Nxc5 bxc5 22. Rd1 Qb6 23. Rac1 Rb8 24. Nd2 Rec8 25. Nxe4 fxe4 26. Bh3 Rc7 27. Qe5 Rd8 28. Be6+ Rf7 29. Bxf7+ Kxf7 30. h4 Re8 31. Qf4+ Kg7 32. h5 gxh5 33. Qg5+ Qg6 34. Qxg6+ hxg6 35. Rxc5 Re7 36.
Rxa5 Kf6 37. Ra7 Ke5 38. b4 1-0

[Event "Late-Titled-Tuesday-Blitz-February-27-2024"]
[Site "Chess.com"]
[Date "2024.02.27"]
[Round "2"]
[White "OneTrickPony_82"]
[Black "ChessFanNM"]
[Result "1-0"]
[WhiteElo "2532"]
[BlackElo "2334"]
[TimeControl "180+1"]
[EndTime "14:15:04 PST"]
[Termination "OneTrickPony_82 won on time"]

1. d4 d5 2. c4 e6 3. Nf3 Nf6 4.
Nc3 c5 5. cxd5 cxd4 6. Qxd4 exd5 7.
e4 dxe4 8. Qxd8+ Kxd8 9. Ng5 Be6 10. Nxe6+ fxe6 11. Bc4 Bb4 12. Bxe6 Nc6 13. O-O Bxc3 14. bxc3 Re8 15. Rd1+ Ke7 16. Bb3 Kf8 17. Ba3+ Ne7 18. Rd6 Rad8 19. Rad1 Rxd6 20. Rxd6 Rc8 21. Re6 Rc7 22.
Bd6 1-0

[Event "Late-Titled-Tuesday-Blitz-February-27-2024"]
[Site "Chess.com"]
[Date "2024.02.27"]
[Round "2"]
[White "TigrVShlyape"]
[Black "djano"]
[Result "1-0"]
[WhiteElo "2906"]
[BlackElo "2582"]
[TimeControl "180+1"]
[EndTime "14:15:08 PST"]
[Termination "TigrVShlyape won by resignation"]

1. d4 Nf6 2. Bf4 g6 3. c3 Bg7 4. Nf3 O-O 5. h3 b6 6. Nbd2 Bb7 7. e3 d6 8. a4 a6 9. Bc4 Nbd7 10. O-O Kh8 11. Re1 Ne4 12. Nxe4 Bxe4 13. Ng5 d5 14. Bb3 Nf6 15. f3 Bf5 16. e4 dxe4 17. fxe4 h6 18. Nxf7+ Rxf7 19. exf5 Rf8 20. fxg6 Qe8 21. Bf7 Qd7 22.
Qd2 h5 23. Qe2 Qf5 24. Bxc7 Nd5 25. Bg3 Bf6 26. Rf1 Qg5 27. Qf3 Rad8 28. Rae1 Kg7 29. h4 Qg4 30. Qxg4 hxg4 31. Rf5 e6 32. Rxe6 1-0

[Event "Late-Titled-Tuesday-Blitz-February-27-2024"]
[Site "Chess.com"]
[Date "2024.02.27"]
[Round "2"]
[White "TenisMaster"]
[Black "picturesquecheck"]
[Result "1-0"]
[WhiteElo "2936"]
[BlackElo "2421"]
[TimeControl "180+1"]
[EndTime "14:15:09 PST"]
[Termination "TenisMaster won by resignation"]

1. e4 c5 2. Nf3 d6 3. d4 cxd4 4. Nxd4 Nf6 5. Nc3 Nc6 6. Bg5 e6 7. Qd2 a6 8. O-O-O h6 9. Be3 Bd7 10. f3 Be7 11. Kb1 b5 12. Nxc6 Bxc6 13. Ne2 Qc7 14.
Nd4 Bd7 15. g4 Rc8 16. h4 e5 17. Nf5 Bxf5 18. exf5 d5 19. Qg2 d4 20. Bc1 Nd5 21. Bd3 Nb4 22. Be4 Qc4 23. b3 Qc7 24. g5 Qa5 25. a3 Nc6 26. f4 Bxa3 27. Bxc6+ Kf8 28. Bxa3+ Qxa3 29. fxe5 Qc5 30. Bd7 1-0

[Event "Late-Titled-Tuesday-Blitz-February-27-2024"]
[Site "Chess.com"]
[Date "2024.02.27"]
[Round "2"]
[White "Road2GM3000"]
[Black "yuriydovzik"]
[Result "0-1"]
[WhiteElo "2421"]
[BlackElo "2130"]
[TimeControl "180+1"]
[EndTime "14:15:10 PST"]
[Termination "yuriydovzik won by checkmate"]

1. d4 Nf6 2. c4 e6 3. Nc3 Bb4 4. Nf3 c5 5. Bg5 Qa5 6. Bxf6 Bxc3+ 7. bxc3 Qxc3+ 8. Nd2 gxf6 9. dxc5 Na6 10. Rc1 Qa5 11. g3 Nxc5 12. Bg2 O-O 13. Qc2 d6 14. O-O Bd7 15.
Rfd1 Bc6 16. Bxc6 bxc6 17. Ne4 Nxe4 18. Qxe4 Qc5 19. Qh4 Kg7 20. Rd4 f5 21. Qg5+ Kh8 22.
Qf6+ Kg8 23. Rh4 Qe5 24. Qh6 Qg7 25. Qf4 Rad8 26. Rh5 Kh8 27. Rg5 Qf6 28. Qh4 Qb2 29.
Re1 f6 30. Rh5 Rd7 31. e4 fxe4 32. Rxe4 e5 33. Rh6 Rdf7 34. Qh5 Qb1+ 35. Kg2 Qxe4+ 36.
f3 Qe2+ 37. Kh3 Qf1+ 38. Kh4 Qg2 39. h3 Rg7 40. Rxf6 Qxg3# 0-1

[Event "Late-Titled-Tuesday-Blitz-February-27-2024"]
[Site "Chess.com"]
[Date "2024.02.27"]
[Round "2"]
[White "CarlosAlbornoz"]
[Black "Casper"]
[Result "1-0"]
[WhiteElo "2778"]
[BlackElo "2540"]
[TimeControl "180+1"]
[EndTime "14:15:11 PST"]
[Termination "CarlosAlbornoz won by resignation"]

1. Nf3 d6 2. d4 Nf6 3. c4 g6 4. g3 Bg7 5. Bg2 O-O 6. O-O c6 7. Nc3 Qa5 8. e4 Qh5 9. Ng5 Qxd1 10. Rxd1 c5 11. dxc5 dxc5 12. e5 Nfd7 13. e6 Ne5 14.
exf7+ Kh8 15. Bd5 Nbc6 16. f4 Ng4 17. Ne6 Bxe6 18. Bxe6 Bd4+ 19. Kg2 Nf2 20. Rd2 Bxc3 21. bxc3 Ne4 22. Re2 Nd6 23. Bd5 Nxf7 24. Ba3 Nd6 25. Bxc5 Rac8 26. Rae1 Na5 27. Bd4+ 1-0

[Event "Late-Titled-Tuesday-Blitz-February-27-2024"]
[Site "Chess.com"]
[Date "2024.02.27"]
[Round "2"]
[White "Mr_Heisenberg13"]
[Black "MusicCityMaster"]
[Result "1-0"]
[WhiteElo "2842"]
[BlackElo "2559"]
[TimeControl "180+1"]
[EndTime "14:15:13 PST"]
[Termination "Mr_Heisenberg13 won by resignation"]

1. e4 e6 2. d4 d5 3. Nd2 Nc6 4. Ngf3 Nf6 5. e5 Nd7 6. Bd3 f6 7. Ng5 Ndxe5 8. dxe5 Nxe5 9. Ngf3 Nxd3+ 10. cxd3 Bd6 11.
O-O O-O 12. d4 c5 13. dxc5 Bxc5 14. Nb3 Bd6 15. Be3 b6 16. Rc1 Bb7 17. Nbd4 e5 18. Ne6 Qe7 19. Nxf8 Rxf8 20. Qb3 Kh8 21. Rfe1 Qf7 22.
Red1 e4 23. Nd4 f5 24. Nb5 Bb8 25. Bd4 f4 26. Qh3 a6 27. Nc3 Bc8 28. Qh4 Bd6 29.
Nxd5 f3 30. g3 Kg8 31. Qxe4 Qh5 32. Ne7+ Bxe7 33. Qxe7 1-0

[Event "Late-Titled-Tuesday-Blitz-February-27-2024"]
[Site "Chess.com"]
[Date "2024.02.27"]
[Round "2"]
[White "FuenfgegenWilly"]
[Black "JiiHart"]
[Result "1-0"]
[WhiteElo "2458"]
[BlackElo "2144"]
[TimeControl "180+1"]
[EndTime "14:15:14 PST"]
[Termination "FuenfgegenWilly won on time"]

1. e4 c5 2. Nc3 g6 3. f4 Nc6 4.
Nf3 Bg7 5. Bb5 d6 6. Bxc6+ bxc6 7. d3 Rb8 8. O-O Bg4 9. h3 Bd7 10. Qe1 e6 11. f5 Ne7 12. fxe6 Bxe6 13. Ng5 Qd7 14.
Kh1 O-O 15. Qh4 h5 16. Nxe6 fxe6 17. Bg5 Rxf1+ 18. Rxf1 Rxb2 19. Bxe7 Bxc3 20. Qg5 1-0

[Event "Late-Titled-Tuesday-Blitz-February-27-2024"]
[Site "Chess.com"]
[Date "2024.02.27"]
[Round "2"]
[White "LUISMIGUELOV"]
[Black "Evandro_Barbosa"]
[Result "0-1"]
[WhiteElo "2187"]
[BlackElo "2669"]
[TimeControl "180+1"]
[EndTime "14:15:20 PST"]
[Termination "Evandro_Barbosa won by checkmate"]

1. e4 c5 2. d4 cxd4 3. c3 Nf6 4. e5 Nd5 5. Qxd4 e6 6. Nf3 Nc6 7.
Qe4 f5 8. exf6 Nxf6 9. Qa4 d5 10.
Bb5 Bd7 11. Bg5 Bd6 12. Nbd2 O-O 13. O-O a6 14. Be2 e5 15. Qc2 e4 16. Nd4 Nxd4 17. cxd4 Qe8 18. Qb3 Bc6 19. Rac1 Kh8 20. Bh4 Nh5 21.
Bg3 Nxg3 22. hxg3 Qg6 23. Qe3 Rae8 24. Nb3 Be7 25. Nc5 Bg5 26. Qc3 Bxc1 27. Rxc1 e3 28. fxe3 Qxg3 29. Bxa6 Rxe3 30. Qd2 bxa6 31. Nxa6 Bb5 32.
Nb4 Re2 33. Rc3 Qxg2# 0-1

[Event "Late-Titled-Tuesday-Blitz-February-27-2024"]
[Site "Chess.com"]
[Date "2024.02.27"]
[Round "2"]
[White "zsizsi99"]
[Black "Kgutierrez95"]
[Result "1-0"]
[WhiteElo "2461"]
[BlackElo "2141"]
[TimeControl "180+1"]
[EndTime "14:15:21 PST"]
[Termination "zsizsi99 won by resignation"]

1. e4 c6 2. Nf3 d5 3. exd5 cxd5 4. Ne5 Nc6 5. Bb5 Qc7 6. d4 a6 7. Bxc6+ bxc6 8. O-O e6 9. c4 Bd6 10. Re1 Bxe5 11. dxe5 Ne7 12. b3 O-O 13. Ba3 dxc4 14. bxc4 c5 15. Qd6 Qxd6 16. exd6 Nf5 17. Bxc5 Rd8 18. Rd1 Rd7 19. Nc3 Bb7 20. Ba3 Rc8 21. c5 Bc6 22. Rab1 e5 23. Nd5 Bxd5 24. Rxd5 f6 25.
f4 Nd4 26. fxe5 fxe5 27. Rxe5 Nb5 28. Bb4 1-0

[Event "Late-Titled-Tuesday-Blitz-February-27-2024"]
[Site "Chess.com"]
[Date "2024.02.27"]
[Round "2"]
[White "best926"]
[Black "Adar_07"]
[Result "0-1"]
[WhiteElo "2542"]
[BlackElo "2785"]
[TimeControl "180+1"]
[EndTime "14:15:26 PST"]
[Termination "Adar_07 won by resignation"]

1. Nf3 Nf6 2. g3 g6 3. Bg2 Bg7 4. O-O O-O 5. d3 c5 6. e4 b6 7.
c3 Bb7 8. Na3 Nc6 9. Re1 d6 10.
Nc2 Qc7 11. d4 cxd4 12. cxd4 Rac8 13. d5 Ne5 14. Ncd4 Nxf3+ 15. Bxf3 Nd7 16. Be3 Ne5 17.
Be2 Nc4 18. Bxc4 Qxc4 19. Qd2 Qc7 20. a4 Qd7 21. b3 e5 22. Ne6 fxe6 0-1

[Event "Late-Titled-Tuesday-Blitz-February-27-2024"]
[Site "Chess.com"]
[Date "2024.02.27"]
[Round "2"]
[White "js20000"]
[Black "Bilan_Danila"]
[Result "1-0"]
[WhiteElo "2831"]
[BlackElo "2553"]
[TimeControl "180+1"]
[EndTime "14:15:30 PST"]
[Termination "js20000 won by resignation"]

1. Nf3 d5 2. g3 Nf6 3. Bg2 Bf5 4. c4 c6 5. Qb3 Qb6 6. d3 e6 7. Be3 Qxb3 8. axb3 a6 9. Nd4 Bg6 10. cxd5 exd5 11. Nc2 Nbd7 12. b4 Rc8 13. Nc3 Bd6 14. f4 O-O 15. Bd4 Rfe8 16. O-O h5 17. Rae1 Bf5 18.
e4 dxe4 19. dxe4 Be6 20. e5 Bf5 21. Ne3 Bd3 22. exd6 Bxf1 23. Kxf1 Ng4 24. Nxg4 Rxe1+ 25. Kxe1 hxg4 26. h3 gxh3 27. Bxh3 Re8+ 28. Kd2 Nf6 29. Bxf6 gxf6 30. d7 Rd8 31. Ne4 1-0

[Event "Late-Titled-Tuesday-Blitz-February-27-2024"]
[Site "Chess.com"]
[Date "2024.02.27"]
[Round "2"]
[White "mjelcic"]
[Black "VitorBronson"]
[Result "0-1"]
[WhiteElo "2244"]
[BlackElo "2502"]
[TimeControl "180+1"]
[EndTime "14:15:30 PST"]
[Termination "VitorBronson won by resignation"]

1. e4 c5 2. c3 Nf6 3. e5 Nd5 4. Nf3 d6 5. exd6 exd6 6. d4 cxd4 7. cxd4 Be7 8. Nc3 Nxc3 9. bxc3 O-O 10. Bd3 Nc6 11. O-O Bg4 12. Bc2 Rc8 13. Qd3 g6 14. h3 Bf5 15. Qe2 Bxc2 16. Qxc2 Bf6 17. Qd3 Qa5 18.
Bd2 d5 19. Rab1 Qc7 20. Rfe1 Rfe8 21. Bg5 Bg7 22. Qd2 Na5 23. Bf4 Qd7 24. Qb2 b6 25. Qb5 Rxe1+ 26. Nxe1 Qxb5 27. Rxb5 Rxc3 28. Rxd5 Rc8 29.
Rd7 Nc6 30. d5 Nd4 31. Rxa7 Ne2+ 32. Kf1 Nxf4 33. d6 Rd8 34. d7 Ne6 35. Nd3 Nc5 36.
Nxc5 bxc5 37. Rc7 Bd4 38. Rc8 Bf6 39. Ke2 Kf8 40. a4 Ke7 41. Rxc5 Rxd7 42. a5 Ra7 43. Rb5 Bc3 0-1

[Event "Late-Titled-Tuesday-Blitz-February-27-2024"]
[Site "Chess.com"]
[Date "2024.02.27"]
[Round "2"]
[White "vi_pranav"]
[Black "DefiantChair"]
[Result "1-0"]
[WhiteElo "3114"]
[BlackElo "2650"]
[TimeControl "180+1"]
[EndTime "14:15:33 PST"]
[Termination "vi_pranav won by resignation"]

1. d4 Nf6 2. Nc3 d5 3. Bf4 e6 4. e3 Bb4 5. Ne2 O-O 6. a3 Bd6 7. Bg3 c5 8. Nb5 Bxg3 9. hxg3 a6 10. Nbc3 Nbd7 11. dxc5 Nxc5 12. Qd4 Nce4 13. f3 Nxc3 14. Nxc3 b5 15. Bd3 h6 16. g4 Nd7 17. O-O-O Bb7 18. f4 f6 19. Qb4 Bc6 20. Qd6 Rc8 21. Qxe6+ Kh8 22. Qf5 Kg8 23. Rxh6 Kf7 24. Rh7 Nc5 25. Rxg7+ Ke8 26. Qg6+ 1-0

[Event "Late-Titled-Tuesday-Blitz-February-27-2024"]
[Site "Chess.com"]
[Date "2024.02.27"]
[Round "2"]
[White "N_Mullodzhanov"]
[Black "2L8IWUN"]
[Result "1-0"]
[WhiteElo "2466"]
[BlackElo "2153"]
[TimeControl "180+1"]
[EndTime "14:15:36 PST"]
[Termination "N_Mullodzhanov won on time"]

1. e4 e5 2. Nf3 Nc6 3. Bc4 Bc5 4. c3 Nf6 5. d4 exd4 6. cxd4 Bb4+ 7. Nc3 Nxe4 8. O-O Bxc3 9. bxc3 d5 10. Bd3 O-O 11. Qc2 Bf5 12. Rb1 b6 13. Re1 Re8 14. Bf4 Bg6 15.
a4 a5 16. Ne5 Nxe5 17. Bxe5 Rc8 18. Qb2 f6 19. Bf4 Qd7 20. Ba6 Ra8 21. Bb5 c6 22.
Bd3 Qf5 23. Be3 Rab8 24. f3 1-0

[Event "Late-Titled-Tuesday-Blitz-February-27-2024"]
[Site "Chess.com"]
[Date "2024.02.27"]
[Round "2"]
[White "SocoLoco"]
[Black "The_Straightforward_Rook"]
[Result "0-1"]
[WhiteElo "2227"]
[BlackElo "2493"]
[TimeControl "180+1"]
[EndTime "14:15:37 PST"]
[Termination "The_Straightforward_Rook won by resignation"]

1. e4 c6 2. d4 d5 3. exd5 cxd5 4.
c4 Nf6 5. Nc3 Nc6 6. Bf4 e6 7. Nf3 Bb4 8. c5 Qa5 9. Bd2 Ne4 10. a3 Nxd2 11. Qxd2 Bxc3 12. Qxc3 Qxc3+ 13. bxc3 b6 14. Bb5 Bd7 15. Bxc6 Bxc6 16. Ne5 Rc8 17. Kd2 bxc5 18. dxc5 Bb5 19. Rab1 Ba6 20. Nd3 O-O 21.
f4 Bxd3 22. Kxd3 Rxc5 23. Rb7 Rfc8 24. Rc1 R5c7 25. Rb4 Kf8 26. g4 Ke7 27. h3 Rc4 28.
Rxc4 Rxc4 29. Ke3 d4+ 30. Kd3 Rxc3+ 31. Rxc3 dxc3 32. Kxc3 Kd6 33. Kd4 f6 34. h4 e5+ 35.
Ke4 Ke6 36. a4 a5 37. h5 g6 38. f5+ gxf5+ 39. gxf5+ Kd6 40. Ke3 Kd5 41. Kd3 e4+ 42.
Kc3 Ke5 0-1

[Event "Late-Titled-Tuesday-Blitz-February-27-2024"]
[Site "Chess.com"]
[Date "2024.02.27"]
[Round "2"]
[White "FernandoArauzAlonso"]
[Black "KuzubovYuriy"]
[Result "0-1"]
[WhiteElo "2600"]
[BlackElo "2944"]
[TimeControl "180+1"]
[EndTime "14:15:40 PST"]
[Termination "KuzubovYuriy won by resignation"]

1. Nf3 d5 2. g3 g6 3. Bg2 Bg7 4. O-O c5 5. d3 Nc6 6. Nbd2 e6 7. e4 Nge7 8. Re1 b6 9. c3 Ba6 10. Bf1 d4 11. c4 e5 12. h4 Bc8 13. Kh2 Qd6 14. Ng1 O-O 15. Bh3 f5 16. f3 f4 17.
g4 h6 18. Qe2 Bf6 19. Qf2 Kg7 20. Nf1 Ng8 21. h5 Qe7 22. hxg6 Bh4 23. Qe2 Bxe1 24.
Qxe1 Qg5 25. Qf2 Nge7 26. Bd2 Nxg6 27. Be1 Rh8 28. Kh1 h5 29. gxh5 Rxh5 30. Qg2 Bxh3 31. Nxh3 Rah8 32. Qxg5 Rxg5 33. Kh2 Rgh5 0-1

[Event "Late-Titled-Tuesday-Blitz-February-27-2024"]
[Site "Chess.com"]
[Date "2024.02.27"]
[Round "2"]
[White "morte-negra"]
[Black "Inepton_Fermion"]
[Result "0-1"]
[WhiteElo "2021"]
[BlackElo "2430"]
[TimeControl "180+1"]
[EndTime "14:15:41 PST"]
[Termination "Inepton_Fermion won by resignation"]

1. e4 c5 2. Nf3 e6 3. d4 cxd4 4.
Nxd4 Nf6 5. Nc3 Nc6 6. Nxc6 bxc6 7. e5 Nd5 8. Ne4 Qc7 9. f4 Rb8 10. c4 Bb4+ 11. Bd2 Nxf4 12. Bxb4 Qxe5 13. Qf3 Rxb4 14. g3 Ng6 15. Be2 f5 16. Nc3 Rxb2 17.
O-O O-O 18. Rae1 Ba6 19. Kh1 c5 20. Na4 Bb7 0-1

[Event "Late-Titled-Tuesday-Blitz-February-27-2024"]
[Site "Chess.com"]
[Date "2024.02.27"]
[Round "2"]
[White "Jospem"]
[Black "reevecanada"]
[Result "1-0"]
[WhiteElo "3085"]
[BlackElo "2635"]
[TimeControl "180+1"]
[EndTime "14:15:47 PST"]
[Termination "Jospem won by resignation"]

1. e4 c5 2. Nf3 d6 3. c3 Nf6 4. h3 g6 5. Bd3 Bg7 6. Bc2 O-O 7. O-O Nbd7 8. d4 Qc7 9. Re1 b6 10. e5 Ne8 11. Qe2 e6 12. Bf4 d5 13. Bg3 c4 14.
h4 b5 15. h5 a5 16. a3 Bb7 17. Qe3 Qb6 18. h6 Bh8 19. Bh4 Nc7 20. Nh2 Rfe8 21.
Ng4 Rec8 22. Qf4 Ne8 23. Nd2 Bc6 24. Nf3 Ra7 25. Re3 Nf8 26. Nf6+ Bxf6 27. Bxf6 Rb7 28. Ng5 b4 29. axb4 axb4 30. Rf3 b3 31. Bd1 Ra7 32. Rxa7 Qxa7 33. Bg7 Nxg7 34. hxg7 Kxg7 35. Qf6+ Kg8 36. Nxf7 h5 37. Nd6 Ra8 38. Rg3 Qg7 39. Bxh5 Qh7 40.
Bxg6 1-0

[Event "Late-Titled-Tuesday-Blitz-February-27-2024"]
[Site "Chess.com"]
[Date "2024.02.27"]
[Round "2"]
[White "EsmeraldasAnderson03"]
[Black "trriinu"]
[Result "1-0"]
[WhiteElo "2504"]
[BlackElo "2249"]
[TimeControl "180+1"]
[EndTime "14:15:47 PST"]
[Termination "EsmeraldasAnderson03 won on time"]

1. d4 d5 2. c4 e5 3. dxe5 d4 4. Nf3 Nc6 5. Nbd2 Nge7 6. Nb3 Ng6 7. Nfxd4 Ncxe5 8. e4 c5 9. Nb5 Qb6 10. f4 Bg4 11. Be2 Rd8 12. Bd2 Nxf4 13. Bxg4 Nfd3+ 14.
Kf1 Qf6+ 15. Bf3 Nxf3 16. Qxf3 Qxb2 17. Nc7+ Kd7 18. Qxf7+ Kc8 19. Nd5 Bd6 20. Ke2 Rhf8 21. Qe6+ Kb8 22. Rhf1 Rfe8 23. Qg4 Ne5 24. Qh3 Nxc4 25.
Qd3 Nxd2 26. Nxd2 1-0

[Event "Late-Titled-Tuesday-Blitz-February-27-2024"]
[Site "Chess.com"]
[Date "2024.02.27"]
[Round "2"]
[White "rasmussvane"]
[Black "robertoalejandro10"]
[Result "1-0"]
[WhiteElo "2942"]
[BlackElo "2600"]
[TimeControl "180+1"]
[EndTime "14:15:48 PST"]
[Termination "rasmussvane won by resignation"]

1. Nf3 Nf6 2. g3 g6 3. Bg2 Bg7 4. O-O O-O 5. d4 c5 6. dxc5 Na6 7. Be3 Qc7 8. Bd4 Nxc5 9. Nc3 d6 10. Bxf6 exf6 11.
Nd5 Qd8 12. c3 Be6 13. Nd4 Rb8 14. e3 f5 15. Qe2 Ne4 16. Nf4 Qe7 17. Rfd1 Rfd8 18.
Qc2 d5 19. a4 Rbc8 20. Qb3 Rc4 21. Bf1 Rcc8 22. a5 a6 23. Qa3 Qxa3 24. Rxa3 Bf8 25. Rb3 Nc5 26. Rb6 Rc6 27. Nxc6 bxc6 28. Rxc6 1-0

[Event "Late-Titled-Tuesday-Blitz-February-27-2024"]
[Site "Chess.com"]
[Date "2024.02.27"]
[Round "2"]
[White "Hrant_ChessMood"]
[Black "PattyCastillo"]
[Result "1-0"]
[WhiteElo "2993"]
[BlackElo "1978"]
[TimeControl "180+1"]
[EndTime "14:15:50 PST"]
[Termination "Hrant_ChessMood won on time"]

1. c4 c6 2. Nf3 Nf6 3. g3 d5 4. Bg2 e6 5. O-O Nbd7 6. d4 Be7 7. Nc3 O-O 8. Nd2 b6 9. e4 Bb7 10. b3 dxe4 11. Ndxe4 Nxe4 12. Nxe4 Nf6 13. Be3 Rc8 14. Qc2 Qc7 15. Bf4 Qd7 16. Rad1 Rfd8 17. Ng5 h6 18. Nf3 Bd6 19. Ne5 Qe7 20. Rfe1 c5 21. d5 exd5 22. Ng6 Qd7 23. Bxd6 Qxd6 24. Ne7+ Kf8 25. Nxc8 Rxc8 26. cxd5 b5 27. Re3 c4 28. bxc4 Rxc4 29. Qe2 Rc8 30. Qxb5 Ba6 31. Qa5 1-0

[Event "Late-Titled-Tuesday-Blitz-February-27-2024"]
[Site "Chess.com"]
[Date "2024.02.27"]
[Round "2"]
[White "BogdanDeac"]
[Black "Roberz12"]
[Result "1-0"]
[WhiteElo "2962"]
[BlackElo "2602"]
[TimeControl "180+1"]
[EndTime "14:15:52 PST"]
[Termination "BogdanDeac won by resignation"]

1. b3 Nf6 2. Bb2 Nc6 3. Nf3 d5 4. e3 g6 5. c4 dxc4 6. bxc4 Bg7 7. d4 O-O 8. Be2 Bf5 9. O-O Ne4 10. Nbd2 Re8 11. a3 Nxd2 12. Nxd2 e5 13. d5 Ne7 14. e4 Bd7 15. c5 f5 16. f3 Nc8 17. Qb3 Kh8 18. Qxb7 Ne7 19. Bc3 c6 20. d6 Ng8 21.
Nc4 Rb8 22. Qxa7 Rb3 23. Rac1 Nh6 24. Nb6 Be6 25. Qa4 Bg8 26. Bc4 Bxc4 27. Qxc4 Rxa3 28. Ra1 Ra2 1-0

[Event "Late-Titled-Tuesday-Blitz-February-27-2024"]
[Site "Chess.com"]
[Date "2024.02.27"]
[Round "2"]
[White "MatyChess1"]
[Black "nihalsarin"]
[Result "0-1"]
[WhiteElo "2654"]
[BlackElo "3190"]
[TimeControl "180+1"]
[EndTime "14:15:53 PST"]
[Termination "nihalsarin won by resignation"]

1. Nf3 Nf6 2. g3 c5 3. Bg2 Nc6 4. O-O e5 5. e4 Be7 6. Re1 O-O 7. c3 d6 8. d4 cxd4 9. cxd4 Bg4 10. dxe5 dxe5 11. Nc3 Qxd1 12. Nxd1 Bb4 13. Nc3 Bxc3 14. bxc3 Rfd8 15. Nd2 Rac8 16. f3 Be6 17. Nf1 Na5 18. f4 Rxc3 19. Bd2 Ra3 20. fxe5 Ng4 21. Bb4 Ra4 22.
Bd6 Nc4 23. Red1 h6 24. Rd4 b5 25. h3 Nxd6 26. Rxd6 Rxd6 27. exd6 Ne5 28. Ne3 Rxa2 29. Rc1 b4 30. Rc5 f6 31. Rb5 a5 32. Nf5 Rd2 33. Rxa5 b3 34. Rb5 b2 35. Ne3 Ba2 0-1

[Event "Late-Titled-Tuesday-Blitz-February-27-2024"]
[Site "Chess.com"]
[Date "2024.02.27"]
[Round "2"]
[White "EDaMatta"]
[Black "Romadk"]
[Result "0-1"]
[WhiteElo "2224"]
[BlackElo "2491"]
[TimeControl "180+1"]
[EndTime "14:15:54 PST"]
[Termination "Romadk won by resignation"]

1. d4 Nf6 2. c4 e6 3. Nc3 Bb4 4. e3 O-O 5. Bd3 d5 6. cxd5 exd5 7. Ne2 Nc6 8. O-O Ne7 9. a3 Bd6 10.
f3 c5 11. dxc5 Bxc5 12. Nd4 Nc6 13. Kh1 Re8 14. b4 Bb6 15. b5 Nxd4 16. exd4 h6 17. Bc2 Qc7 18. Qd3 Ba5 19. Bd2 g6 20. Rac1 Bf5 21.
b6 Bxd3 22. bxc7 Bxf1 23. Rxf1 Rac8 24. Nxd5 Nxd5 25. Bxa5 b6 26. Bd2 Rxc7 27. Ba4 Re2 28. Bxh6 Ne3 29. Rg1 Nf5 30. Bf4 Rc3 31. Bb5 Rb2 32.
a4 Nxd4 33. Be5 Nxb5 34. axb5 Rcc2 35. Bxb2 Rxb2 36. h4 Rxb5 37. Rc1 a5 38. Rc7 a4 39. Ra7 Rb4 40. g4 b5 41. h5 gxh5 42. gxh5 Rh4+ 43. Kg2 Rxh5 0-1

[Event "Late-Titled-Tuesday-Blitz-February-27-2024"]
[Site "Chess.com"]
[Date "2024.02.27"]
[Round "2"]
[White "ViktoriyaTarasova"]
[Black "JulbeNn"]
[Result "0-1"]
[WhiteElo "2312"]
[BlackElo "2524"]
[TimeControl "180+1"]
[EndTime "14:15:56 PST"]
[Termination "JulbeNn won by resignation"]

1. d4 Nf6 2. c4 c5 3. d5 b5 4.
cxb5 a6 5. bxa6 Bxa6 6. Nc3 d6 7. Nf3 g6 8. e4 Bxf1 9. Kxf1 Nbd7 10. g3 Bg7 11. Kg2 O-O 12. a4 Qb6 13. Re1 Ng4 14. Qc2 Rfb8 15. Nd2 Bd4 16. Nc4 Qb4 17. Ne3 Nxe3+ 18.
fxe3 Bf6 19. Re2 Nb6 20. Bd2 Nc4 21. Be1 Qxb2 22. Qxb2 Nxb2 23. a5 Nc4 24. a6 Rb3 25. Ra4 Bxc3 26. Rxc4 Bxe1 27. Rxe1 Rxa6 28. Re2 Raa3 29.
Kf3 Kg7 30. Rc1 Kf6 31. h4 h5 32.
Kf4 Rb4 33. Kf3 Raa4 0-1

[Event "Late-Titled-Tuesday-Blitz-February-27-2024"]
[Site "Chess.com"]
[Date "2024.02.27"]
[Round "2"]
[White "AlexPapasimakopoulos"]
[Black "SergioMoralesG"]
[Result "1-0"]
[WhiteElo "2739"]
[BlackElo "2527"]
[TimeControl "180+1"]
[EndTime "14:15:58 PST"]
[Termination "AlexPapasimakopoulos won on time"]

1. d4 d5 2. c4 c6 3. cxd5 cxd5 4. Bf4 Nc6 5. e3 Nf6 6. Nc3 Bf5 7. Qb3 Na5 8. Qa4+ Bd7 9. Qc2 e6 10. Nf3 Rc8 11.
Bd3 Bb4 12. O-O O-O 13. Ne5 h6 14. Rfc1 Bxc3 15. bxc3 Nc4 16. Bxc4 dxc4 17. Nxd7 Qxd7 18. e4 Qc6 19. f3 Nd7 20. Re1 b5 21. a4 a6 22.
axb5 axb5 23. h3 Qb6 24. Kh1 Ra8 25. Qb2 Qb7 26. Rxa8 Rxa8 27. Rb1 Ra5 28. Bd6 Nb6 29. Qb4 Qa6 30. Bc7 Ra1 31. Rxa1 Qxa1+ 32. Kh2 Na4 33.
Qxb5 Qa2 34. Qe8+ Kh7 35. Qxf7 Nxc3 36. Be5 1-0

[Event "Late-Titled-Tuesday-Blitz-February-27-2024"]
[Site "Chess.com"]
[Date "2024.02.27"]
[Round "2"]
[White "lucasmito"]
[Black "chucksterf10"]
[Result "0-1"]
[WhiteElo "2844"]
[BlackElo "2583"]
[TimeControl "180+1"]
[EndTime "14:15:59 PST"]
[Termination "chucksterf10 won by resignation"]

1. e4 a6 2. d4 c6 3. c4 d5 4. e5 Bf5 5. Nc3 e6 6. Nge2 Ne7 7. Ng3 Bg6 8. h4 h6 9. h5 Bh7 10. Bd3 Bxd3 11. Qxd3 Nd7 12. b3 c5 13. cxd5 Nxd5 14. Nxd5 exd5 15. Nf5 Qa5+ 16. Bd2 Qb5 17. Qg3 O-O-O 18. a4 Qc6 19. O-O g6 20. hxg6 Qxg6 21. Qf3 cxd4 22. Bf4 Qxf5 23. Rac1+ Kb8 24. e6+ Ne5 25.
exf7 Bd6 26. Bxe5 Qxe5 27. g3 Rhf8 28. Rfe1 Qg5 29. Kg2 Ka7 30. a5 Rd7 31. Re8 Rdxf7 32. Rcc8 Rxe8 33. Qxd5 0-1

[Event "Late-Titled-Tuesday-Blitz-February-27-2024"]
[Site "Chess.com"]
[Date "2024.02.27"]
[Round "2"]
[White "Ticoluis"]
[Black "JaackCamel"]
[Result "0-1"]
[WhiteElo "2451"]
[BlackElo "2233"]
[TimeControl "180+1"]
[EndTime "14:16:00 PST"]
[Termination "JaackCamel won by resignation"]

1. e4 e6 2. d4 d5 3. Nd2 c5 4.
Ngf3 cxd4 5. exd5 Qxd5 6. Bc4 Qd6 7. O-O Nf6 8. Nb3 Nc6 9. Nbxd4 Nxd4 10. Nxd4 a6 11. c3 Qc7 12. Bb3 Bd6 13. Re1 Bxh2+ 14. Kh1 Be5 15. Bg5 O-O 16. Nf3 Bf4 17. Bxf6 gxf6 18.
Qd4 e5 19. Qe4 f5 20. Qb4 Be6 21. g3 Qc6 22. Kg2 Kh8 23. gxf4 Rg8+ 24. Kf1 Qxf3 25. Bd1 Qd3+ 26. Re2 Rad8 27. f3 Qxf3+ 28. Rf2 Rxd1+ 0-1